 Dungeon Crawl Stone Soup version 0.30-a0-1059-g7dea3e163d (webtiles) character file.

Game seed: 17721838151163425929

217 CryoSword the Cudgeller (level 5, -1/50 HPs)
             Began as a Naga Warper on Apr 12, 2023.
             Slain by Grinder (7 damage)
             ... on level 4 of the Dungeon.
             The game lasted 00:06:54 (2693 turns).

CryoSword the Cudgeller (Naga Warper)               Turns: 2693, Time: 00:06:55

Health: -1/50      AC:  8    Str: 15    XL:     5   Next: 94%
Magic:  6/8        EV:  9    Int: 19    God:
Gold:   107        SH:  0    Dex: 11    Spells: 0/8 levels left

rFire   . . .      SeeInvis +    a - +0 mace
rCold   + . .      Faith    .    (no shield)
rNeg    . . .      Spirit   .    b - +0 leather armour
rPois   +          Reflect  .    m - +2 hat
rElec   .          Rampage  .    y - +0 cloak
rCorr   .                        (no gloves)
Will    .....                    (no barding)
Stlth   ++                       (no amulet)
HPRegen 0.28/turn                j - ring of protection from cold
MPRegen 0.11/turn                r - +6 ring of intelligence

@: mighty, brilliant, attractive, on blink cooldown, flying, hasted, quick
A: AC +1, large, see invisible, deformed body, poison resistance, slowness 2,
spit poison 1, naga tail 1, horns 1, iridescent scales 1, robust 1
a: Spit Poison


You were on level 4 of the Dungeon.
You visited 1 branch of the dungeon, and saw 4 of its levels.

You collected 107 gold pieces.

Inventory:

Hand Weapons
 a - a +0 mace (weapon)
Missiles
 d - 4 boomerangs of dispersal (quivered) {!f}
Armour
 b - a +0 leather armour (worn)
 m - a +2 hat (worn)
   (You found it on level 2 of the Dungeon)
 y - a +0 cloak (worn)
   (You found it on level 3 of the Dungeon)
Jewellery
 i - a ring of ice
   (You found it on level 1 of the Dungeon)
 j - a ring of protection from cold (left hand)
   (You found it on level 1 of the Dungeon)
 r - a +6 ring of intelligence (right hand)
   (You found it on level 2 of the Dungeon)
 t - a ring of positive energy
   (You found it on level 3 of the Dungeon)
Wands
 x - a wand of paralysis (6)
   (You found it on level 3 of the Dungeon)
Scrolls
 c - 3 scrolls of blinking
 e - 2 scrolls of teleportation {unknown}
 f - a scroll of enchant weapon {unknown}
 h - a scroll of fear
 o - a scroll of fog {unknown}
 s - a scroll of enchant armour {unknown}
 u - a scroll of noise {unknown}
 w - a scroll of amnesia {unknown}
Potions
 l - a potion of might
 n - a potion of cancellation {unknown}
 p - a potion of invisibility {unknown}


   Skills:
 + Level 2.7 Fighting
 * Level 4.9 Maces & Flails
 - Level 0.8 Throwing
 - Level 0.7 Armour
 - Level 1.5 Dodging
 + Level 2.6 Stealth
 - Level 2.0 Spellcasting
 + Level 3.5 Translocations


You couldn't memorise any spells.
You knew the following spells:

 Your Spells              Type           Power      Damage    Failure   Level
a - Teleport Other        Tloc           23%        N/A       14%         3
y - Vhi's Electric Charg  Tloc/Air       24%        N/A       30%         3
B - Blink                 Tloc           46%        N/A       8%          2

Your spell library contained the following spells:

 Spells                   Type           Power      Damage    Failure   Level
 Lesser Beckoning         Tloc           46%        N/A       8%          2
 Magic Dart               Conj           8%         1d3       21%         1
 Sandblast                Erth           4%         2d4       21%         1
 Passwall                 Tmut/Erth      1%         N/A       30%         2
 Searing Ray              Conj           4%         2d4       30%         2
 Manifold Assault         Tloc           23%        N/A       43%         4
 Inner Flame              Hex/Fire       2%         N/A       52%         3
 Ozocubu's Armour         Ice            2%         N/A       52%         3
 Stone Arrow              Conj/Erth      4%         3d7       52%         3
 Flame Wave               Conj/Fire      2%         2d4       90%         4
 Fulminant Prism          Conj/Hex       1%         3d5       90%         4
 Sticky Flame             Conj/Fire      2%         2d3       90%         4
 Metabolic Englaciation   Hex/Ice        1%         N/A       99%         5
 Simulacrum               Ice/Necr       1%         N/A       100%        6


Dungeon Overview and Level Annotations

Branches:
Dungeon (4/15)
 Temple: D:4-7

Altars:

Shops:
D:4 :

Annotations:
D:4 Grinder


Innate Abilities, Weirdness & Mutations

Your serpentine skin is tough. (AC +1)
You have supernaturally acute eyesight. (SInv)
Armour fits poorly on your strangely shaped body.
Your system is resistant to poisons. (rPois)
You cover ground very slowly.
You can spit poison.
You have a snake-like lower body.
You have a pair of small horns on your head.
You are partially covered in iridescent scales. (AC +2)
You are robust. (+10% HP)


Message History

Okay, then.
Search for what [Enter for "armor", or ? for help]? armor You see here a jackal skeleton.
There is a stone staircase leading down here.
You climb downwards.
Found Cion's Vocational Training.
There is a stone staircase leading up here.
Grinder and a goblin come into view.
Found a viscous red potion.
Grinder blinks!
Grinder moves out of view.
There is a stone staircase leading up here.
You climb upwards.
There is a stone staircase leading down here.
There is a stone staircase leading down here.
You climb downwards.
Level annotation: Grinder
Found a scroll labelled WIJICKO IHOOQ.
There is a stone staircase leading up here.
e - 2 scrolls labelled WIJICKO IHOOQ (gained 1)
Found a golden potion.
Here: Grinder The floor.
Grinder blinks!
Grinder blinks!
There is a stone staircase leading up here.
You climb upwards.
There is a stone staircase leading down here.
There is a stone staircase leading down here.
You climb downwards.
Level annotation: Grinder
There is a stone staircase leading up here.
Found 5 gold pieces.
An orc wizard, an orc and a ball python come into view.
The orc wizard shouts!
You hear a shout! x2; The orc shouts!
An orc comes into view. It is wielding a +0 club.
You see here 5 gold pieces.
Aim: an orc, wielding a +0 hand axe (59% to hit)
The splash of poison hits the orc.
The orc is poisoned.
The orc shouts!
The orc wizard gestures at you while chanting.
The puff of flame hits you!
You have got your breath back.
You kill the orc!
An orc comes into view. It is wielding a +0 club.
The spell is quite dangerous to miscast (30% risk of failure)!
Continue anyway?
Okay, then.
Hit: a) +0 mace
Aim: an orc wizard, wielding a +0 dagger and wearing a +0 robe (about 47% to evade your +0 mace)
You hit the orc wizard.
The orc wizard hits you but does no damage.
Hit: a) +0 mace
Aim: an orc wizard, wielding a +0 dagger and wearing a +0 robe (moderately wounded, about 47% to evade your +0 mace)
You hit the orc wizard.
The orc wizard hits you but does no damage.
Hit: a) +0 mace
Aim: an orc wizard, wielding a +0 dagger and wearing a +0 robe (severely wounded, about 47% to evade your +0 mace)
You closely miss the orc wizard. The orc hits you with a +0 club.
The ball python attacks as you move away!
The ball python closely misses you.
Aim: an orc wizard, wielding a +0 dagger and wearing a +0 robe (severely wounded, 50% to hit)
The splash of poison hits the ball python!
The ball python is poisoned.
You kill the ball python!
The orc wizard gestures wildly while chanting.
The orc wizard flickers and vanishes for a moment.
You closely miss the orc. The orc hits you with a +0 club.
You hit the orc. You barely miss the orc wizard.
The orc hits you but does no damage.
The orc wizard hits you but does no damage.
You closely miss the orc wizard. The orc hits you but does no damage.
The orc hits you with a +0 club. The orc wizard barely misses you.
You hit the orc wizard. The orc hits you but does no damage. x2
The orc wizard points at you and mumbles some strange words.
You resist with some effort. The orc hits you with a +0 club.
The orc barely misses you.
The orc wizard hits you but does no damage.
You barely miss the orc wizard.
You have got your breath back.
The orc hits you with a +0 club. The orc hits you but does no damage.
The orc wizard hits you but does no damage.
You hit the orc wizard.
You kill the orc wizard!
The orc hits you but does no damage. The orc barely misses you.
An orc comes into view. It is wielding a +0 short sword.
You hit the orc. The orc misses you. The orc barely misses you.
You hit the orc.
You kill the orc!
The orc hits you but does no damage.
You hit the orc. The orc hits you with a +0 club.
You sock the orc!
You kill the orc!
The orc hits you but does no damage. x2
You hit the orc. The orc hits you with a +0 short sword.
You hit the orc. Your punch misses the orc.
The orc hits you but does no damage.
You hit the orc.
You kill the orc!
Grinder shouts!
Grinder hits you.
* * * LOW HITPOINT WARNING * * *
You writhe in agony.
* * * LOW HITPOINT WARNING * * *
Grinder hits you.
* * * LOW HITPOINT WARNING * * *
You writhe in agony.
* * * LOW HITPOINT WARNING * * *
Okay, then.
It was a potion of might.
You feel very mighty all of a sudden. Grinder hits you.
* * * LOW HITPOINT WARNING * * *
You barely miss Grinder. Grinder hits you.
* * * LOW HITPOINT WARNING * * *
You writhe in agony.
* * * LOW HITPOINT WARNING * * *
You closely miss Grinder.
Grinder blinks!
You hit Grinder. Grinder gestures at you.
You suddenly lose the ability to move!
Grinder hits you.
* * * LOW HITPOINT WARNING * * *
You writhe in agony.
* * * LOW HITPOINT WARNING * * *
You can move again.
It was a potion of brilliance.
You feel clever all of a sudden. Grinder closely misses you.
Okay, then.
You feel a surge of power!
You blink.
Grinder blinks!
You don't know that spell.
It was a potion of mutation.
You feel extremely strange.
You feel robust. A pair of horns grows on your head!
Iridescent scales grow over part of your body.
Grinder gestures at you. You resist with some effort.
It was a potion of flight.
You feel very buoyant.
You fly up into the air.
Grinder gestures at you. You resist with some effort.
It was a potion of attraction.
You feel attractive to monsters.
You feel stable enough to blink again. Grinder misses you.
Okay, then.
You feel a surge of power!
You blink.
Found a stone staircase leading down.
It was a potion of haste.
You feel yourself speed up. Grinder hits you!
You die...

#########
#...))..##
#...)....#
#..####..# #$)#.
#.<#
o.......#..#..#####
.##............5@.#
#...........ยง###.#
#.....######## .#
#... #.....# .#
#... #....## .#
#... S.... .. #...
.. ######... #>
......... ........


You could see Grinder.

Vanquished Creatures
  A scorpion (D:3)
  Jessica (D:2)
  An orc wizard (D:4)
  3 adders
  A worm (D:3)
  2 dart slugs (D:3)
  10 orcs
  2 endoplasms
  3 giant cockroaches
  5 goblins
  6 hobgoblins
  3 jackals (D:3)
  4 quokkas
  6 ball pythons
  4 bats
  A frilled lizard (D:2)
  3 kobolds
  4 rats
60 creatures vanquished.

Notes
Turn   | Place    | Note
-------+----------+-------------------------------------------
     0 | D:1      | CryoSword the Naga Warper began the quest for the Orb.
     0 | D:1      | Reached XP level 1. HP: 19/19 MP: 3/3
   255 | D:1      | Reached XP level 2. HP: 11/26 MP: 5/5
   258 | D:1      | Learned a level 2 spell: Blink
   705 | D:1      | Reached skill level 3 in Maces & Flails
   843 | D:1      | Reached XP level 3. HP: 16/32 MP: 6/6
  1215 | D:2      | Reached skill level 4 in Maces & Flails
  1257 | D:2      | Noticed Jessica
  1261 | D:2      | Killed Jessica
  1262 | D:2      | Reached skill level 1 in Stealth
  1262 | D:2      | Reached XP level 4. HP: 29/39 MP: 7/7
  1332 | D:2      | Identified the +9 dagger of Ucyaff {freeze, rElec rC+++
                  | Int-5}
  1934 | D:3      | Found a faded altar of an unknown god.
  2047 | D:3      | Noticed a scorpion
  2058 | D:3      | Killed a scorpion
  2059 | D:3      | Reached XP level 5. HP: 32/46 MP: 8/8
  2381 | D:3      | Learned a level 3 spell: Teleport Other
  2385 | D:3      | Learned a level 3 spell: Vhi's Electric Charge
  2570 | D:4      | Found Cion's Vocational Training.
  2571 | D:4      | Noticed Grinder
  2685 | D:4      | Paralysed by Grinder for 2 turns
  2689 | D:4      | Gained mutation: You are robust. (+10% HP) [potion of
                  | mutation]
  2689 | D:4      | Gained mutation: You have a pair of small horns on your
                  | head. [potion of mutation]
  2689 | D:4      | Gained mutation: You are partially covered in iridescent
                  | scales. (AC +2) [potion of mutation]
  2693 | D:4      | Slain by Grinder

Illustrated notes

Levels and vault maps discovered:
D:1:      dpeg_arrival_ternary, layout_basic, serial_curves, eino_curves_04,
          eino_curves_03
D:2:      layout_loops_ring, uniq_jessica
D:3:      layout_loops_ring, shapermc_ecumenical_altar_petra
D:4:      layout_loops_cross, nicolae_shop_vocational, uniq_sigmund,
          uniq_grinder

Skill      XL: |  1  2  3  4 |
---------------+-------------+-----
Maces & Flails | 3 4 |  4.9
Stealth        | 1 2 |  2.6
Fighting       | |  2.7
Throwing       | |  0.8
Armour         | |  0.7
Dodging        | |  1.5
Spellcasting   | |  2.0
Translocations | |  3.5

Action                     |  1- 3 |  4- 6 || total
---------------------------+-------+-------++-------
  Melee: Mace              |    58 |    64 ||   122
         Punch             |     1 |     1 ||     2
  Throw: Boomerang         |       |     3 ||     3
   Cast: Blink             |       |     2 ||     2
Ability: Spit Poison       |    27 |    20 ||    47
    Use: Potion            |       |     6 ||     6
         Scroll            |       |     1 ||     1
 Armour: Leather armour    |    11 |    26 ||    37
  Dodge: Dodged            |    37 |    28 ||    65

Table legend: (Time is in decaauts)
 A = Elapsed time spent in this place.
 B = Non-inter-level travel time spent in this place.
 C = Inter-level travel time spent in this place.
 D = Time resting spent in this place.
 E = Time spent auto-exploring this place.
 F = Levels seen in this place.
 G = Mean time per level.
                   A        B        C        D        E       F      G
               +--------+--------+--------+--------+--------+-----+--------+
         Total |   3508 |   3258 |    250 |     76 |   2671 |   4 |  877.0 |
       Dungeon |   3508 |   3258 |    250 |     76 |   2671 |   4 |  877.0 |
               +--------+--------+--------+--------+--------+-----+--------+

Top non-repeatable levels by time:
     D:2: 1260 daAuts
     D:1: 1143 daAuts
     D:3: 1026 daAuts
     D:4: 77 daAuts
